 Dungeon Crawl Stone Soup version 0.31-a0-965-g8a8ce12e04 (webtiles) character file.

Game seed: 4302369730867787284

152079 mopl the Covert (level 17, -4/84 (99) HPs)
             Began as a Deep Elf Enchanter on Oct 25, 2023.
             Was the Champion of Dithmenos.
             Slain by a +2 trident of flaming (12 damage)
             ... on level 2 of the Elven Halls on Oct 26, 2023.
             The game lasted 01:51:42 (34316 turns).

mopl the Covert (Deep Elf Enchanter)               Turns: 34316, Time: 01:51:44

HP:   -4/84 (99)    AC:  6    Str:  5    XL:     17   Next: 2%
MP:   33/33         EV: 12    Int: 30    God:    Dithmenos [******]
Gold: 401           SH: 11    Dex: 19    Spells: 14/36 levels left

rFire   + + .        a - +2 dagger (elec)
rCold   . . .        X - +0 kite shield {AC+3}
rNeg    . . .        B - +0 robe "Opoha" {rF++ rCorr Slay+2 Archmagi}
rPois   .            (no helmet)
rElec   +            D - scarf {+Inv}
rCorr   +            (no gloves)
SInv    .            I - +0 pair of boots
Will    ++...        s - amulet of the acrobat Stlth **++++++++
                     e - ring of Zoquomao {Fly rElec Int+3}
HPRegen 0.34/turn    i - ring "Meilluume" {Will+ rCorr Int+2}
MPRegen 0.23/turn

%: acrobat, archmagi
@: about to teleport, flying, very slightly contaminated, wreathed by umbra,
studying Short Blades, heavily drained
A: no striking features
a: Renounce Religion, Evoke Invisibility, Shadow Step, Shadow Form


You were on level 2 of the Elven Halls.
You worshipped Dithmenos.
Dithmenos was exalted by your worship.
You visited 6 branches of the dungeon, and saw 27 of its levels.
You also visited: Trove, Sewer and Gauntlet.

You collected 2990 gold pieces.
You spent 2589 gold pieces at shops.

Inventory:

Hand Weapons
 a - a +2 dagger of electrocution (weapon)
 b - a +7 dagger
 u - the +9 sling "Ahiff" {flame, rPois Will- rCorr Dex+2 Stlth+}
   (You took it off an orc on level 3 of the Dungeon)

   Dex+2:     It affects your dexterity (+2).
   rPois:     It protects you from poison Will-: It decreases your willpower.
   rCorr:     It protects you from acid and corrosion.
   Stlth+:    It makes you more stealthy.
 M - a +3 vampiric quick blade
Missiles
 l - 30 boomerangs
 w - 21 curare-tipped darts
 A - 8 javelins
 N - 83 poisoned darts
 V - 2 throwing nets
 W - 4 darts of dispersal
Armour
 B - the +0 robe "Opoha" (worn) {rF++ rCorr Slay+2 Archmagi}
   (You found it in a Gauntlet)

   Slay+2:    It affects your accuracy & damage with ranged weapons and melee
   (+2).
   rF++:      It greatly protects you from fire.
   rCorr:     It protects you from acid and corrosion.
   Archmagi:  It increases the power of your magical spells.
 D - a scarf of invisibility (worn)
 I - a +0 pair of boots (worn)
 X - a +0 kite shield of protection (worn)
Magical Staves
 g - the staff of Wrongful Imprisonment {rPois SInv Poison}
   (You found it in a treasure trove)

   [staff of poison]

   Base accuracy: +5 Base damage: 5 Base attack delay: 1.2 This weapon's minimum
   attack delay (0.6) is reached at skill level 12.
   rPois:     It protects you from poison SInv: It lets you see invisible.
   Poison:    It increases the power of your Poison spells.
   It falls into the 'Staves' category.
   It is a one-handed weapon.
Jewellery
 e - the ring of Zoquomao (left hand) {Fly rElec Int+3}
   (You bought it in a shop on level 15 of the Dungeon)

   [ring of flight]

   Int+3:     It affects your intelligence (+3).
   rElec:     It insulates you from electricity.
   Fly:       It grants you flight.
 i - the ring "Meilluume" (right hand) {Will+ rCorr Int+2}
   (You found it on level 1 of the Lair of Beasts)

   [ring of willpower]

   Int+2:     It affects your intelligence (+2).
   Will+:     It increases your willpower.
   rCorr:     It protects you from acid and corrosion.
 s - an amulet of the acrobat (around neck)
 z - a ring of protection from cold
Wands
 t - a wand of charming (20)
 v - a wand of polymorph (7)
 x - a wand of acid (4)
 C - a wand of digging (2)
 H - a wand of flame (59)
 K - a wand of iceblast (6)
 S - a wand of mindburst (17)
Scrolls
 d - 2 scrolls of immolation
 f - 2 scrolls of blinking
 j - 6 scrolls of teleportation
 k - 4 scrolls of vulnerability
 p - 7 scrolls of revelation
 y - a scroll of poison
 J - 8 scrolls of fear
 L - 5 scrolls of fog
 P - a scroll of silence {!r}
 R - 5 scrolls of butterflies
Potions
 c - 2 potions of invisibility
 h - 10 potions of curing
 m - a potion of magic
 n - 6 potions of brilliance
 q - 2 potions of resistance
 r - 5 potions of heal wounds
 F - 6 potions of might
 G - 2 potions of berserk rage {!q}
 O - 3 potions of enlightenment
 Q - a potion of ambrosia
 U - a potion of lignification {!q}
 Y - 3 potions of cancellation
 Z - a potion of haste
Miscellaneous
 o - a lightning rod (4/4)
 E - a phial of floods
 T - a phantom mirror


   Skills:
 + Level 8.9 Fighting
 + Level 13.7 Short Blades
 + Level 9.2 Throwing
 + Level 5.4 Dodging
 + Level 14.8 Stealth
 + Level 6.9 Shields
 + Level 10.3 Spellcasting
 - Level 5.0 Conjurations
 + Level 14.7 Hexes
 - Level 7.0 Translocations
 - Level 6.0 Transmutations
 - Level 6.0 Earth Magic
 + Level 8.7 Invocations
 * Level 12.2 Evocations


You had 14 spell levels left.
You knew the following spells:

 Your Spells              Type           Power      Damage    Failure   Level
a - Dazzling Flash        Conj/Hex       100%       N/A       1%          3
b - Ensorcelled Hibernat  Hex/Ice        100%       N/A       1%          2
c - Confusing Touch       Hex            100%       N/A       1%          3
d - Tukima's Dance        Hex            100%       N/A       1%          3
e - Blink                 Tloc           100%       N/A       1%          2
f - Cause Fear            Hex            51%        N/A       1%          4
g - Sigil of Binding      Hex            100%       N/A       1%          3
p - Passwall              Tmut/Erth      55%        N/A       3%          2

Your spell library contained the following spells:

 Spells                   Type           Power      Damage    Failure   Level
 Sandblast                Erth           100%       2d20      1%          1
 Jinxbite                 Hex            100%       N/A       1%          2
 Gell's Gravitas          Tloc           72%        N/A       3%          3
 Summon Guardian Golem    Hex/Summ       74%        N/A       3%          3
 Leda's Liquefaction      Hex/Erth       43%        N/A       3%          4
 Fulminant Prism          Conj/Hex       42%        3d19      4%          4
 Stone Arrow              Conj/Erth      100%       3d13      7%          3
 Anguish                  Hex/Necr       37%        N/A       11%         4
 Static Discharge         Conj/Air       90%        3-7/arc   12%         2
 Manifold Assault         Tloc           72%        N/A       13%         4
 Iskenderun's Mystic Bla  Conj/Tloc      67%        2d14      19%         4
 Petrify                  Tmut/Erth      67%        N/A       19%         4
 Summon Small Mammal      Summ           92%        N/A       22%         1
 Hailstorm                Conj/Ice       45%        3d10      24%         3
 Brom's Barrelling Bould  Conj/Erth      64%        2d8       24%         4
 Silence                  Hex/Air        37%        N/A       30%         5
 Summon Mana Viper        Hex/Summ       74%        N/A       30%         5
 Poisonous Vapours        Pois/Air       46%        N/A       34%         2
 Enfeeble                 Hex            51%        N/A       41%         7
 Vhi's Electric Charge    Tloc/Air       100%       N/A       47%         4
 Call Canine Familiar     Summ           23%        N/A       56%         3
 Sticky Flame             Conj/Fire      45%        2d6       63%         4
 Summon Forest            Summ/Tloc      26%        N/A       83%         5
 Borgnjor's Vile Clutch   Necr/Erth      25%        N/A       88%         5
 Airstrike                Air            11%        2d(2-18)  92%         4
 Animate Dead             Necr           23%        N/A       92%         4
 Summon Ice Beast         Ice/Summ       23%        N/A       92%         4
 Summon Lightning Spire   Summ/Air       23%        N/A       92%         4
 Arcjolt                  Conj/Air       22%        1d32      92%         5
 Discord                  Hex            51%        N/A       98%         8
 Death Channel            Necr           11%        N/A       100%        6
 Plasma Beam              Fire/Air       11%        2x1d22    100%        6
 Simulacrum               Ice/Necr       11%        N/A       100%        6
 Summon Cactus Giant      Summ           11%        N/A       100%        6
 Monstrous Menagerie      Summ           11%        N/A       100%        7
 Maxwell's Capacitive Co  Air            11%        ∞         100%        8
 Chain Lightning          Conj/Air       22%        3d30      100%        9


Dungeon Overview and Level Annotations

Branches:
Dungeon (15/15)            Temple (1/1) D:6            Lair (5/5) D:11
  Swamp (0/4) Lair:2        Snake (2/4) Lair:2        Slime (0/5) Lair:5
    Orc (2/2) D:12            Elf (2/3) Orc:2        Vaults (0/5) D:14
 Depths (0/4) D:15          Sewer (visited)         Gauntlet (visited)

Altars:
Ashenzari
Cheibriados
Dithmenos
Elyvilon
Fedhas
Gozag
Hepliaklqana
Kikubaaqudgha
Makhleb
Nemelex Xobeh
Okawaru
Qazlal
Ru
Sif Muna
Trog
Uskayaw
Vehumet
Wu Jian
Xom
Yredelemnul
Zin
The Shining One
Jiyva

Shops:
D:3 (   D:6 (   D:11 =(   D:15 [!**?   Orc:2 (!?*   Snake:1 (([

Annotations:
Lair:1 exclusion: obsidian statue
Elf:2 mut


Message History

You see here a +2 antimagic eveningstar.
N - 82 poisoned darts (gained 1)
Things that are here:
a +0 scale mail; a +0 long sword; an elf skeleton
N - 83 poisoned darts (gained 1)
Things that are here:
a +0 short sword; an elf skeleton
Things that are here:
a +2 lajatang of pain; a +0 ring mail; a +0 rapier A +2 trident of venom is nearby!
You feel drained.
You fade into invisibility!
You are very lightly contaminated with residual magic.
You block the +2 trident of venom's attack.
You catch the helpless +2 trident of venom completely off-guard!
You stick the +2 trident of venom like a pincushion!!!
The +2 trident of venom falls from the air.
Dithmenos accepts your kill.
You hit the +2 trident of flaming but do no damage.
Your shadow hits the +2 trident of flaming but does no damage.
You flicker for a moment.
The +2 trident of flaming hits you.
You emit a cloud of dark smoke.
The +2 trident of flaming hits you!!
You emit a cloud of dark smoke.
You closely miss the +2 trident of flaming.
You block the +2 trident of flaming's attack.
You hit the +2 trident of flaming but do no damage.
Your shadow hits the +2 trident of flaming but does no damage.
You flicker back into view.
You block the +2 trident of flaming's attack.
The +2 trident of flaming hits you! The +2 trident of flaming burns you.
You closely miss the +2 trident of flaming.
The +2 trident of flaming hits you!
You emit a cloud of dark smoke.
You are too injured to fight recklessly!
As you read the scroll of teleportation, it crumbles to dust.
You feel strangely unstable. The +2 trident of flaming hits you!!
* * * LOW HITPOINT WARNING * * *
The +2 trident of flaming burns you.
* * * LOW HITPOINT WARNING * * *
The +2 trident of flaming hits you!
You die...

### ### #####.####.## ##
#..#...##§§§##...##
##........§§@(§..... #
#.........§§§§§..... ##
#......#..§§.§e....# #.
#.....###....§§§..## #.
##...## ##........## ..#
## ##...###..........#
.... #.
##....#..........e###...#
#.
##.....(............#(...#
#.
#.........................
#.


You could see a deep elf pyromancer and a +2 trident of flaming.

Vanquished Creatures
  A deep elf blademaster (Elf:2)
  A deep elf master archer (Elf:1)
  Aizul (Snake:1)
  The ghost of morax the Bludgeoner, a journeyman GrFi of Okawaru (D:13)
  Azrael (D:14)
  A deep elf demonologist (Elf:1)
  A minotaur (Gauntlet)
  Snorg (D:13)
  3 vault guards (D:14)
  Harold (D:9)
  2 hydras (Lair:4)
  4 centaur warriors
  2 ogre magi (Orc:2)
  3 catoblepae (Lair:5)
  12 two-headed ogres
  3 anacondas
  2 boulder beetles
  12 death yaks
  2 naga warriors (Snake:1)
  A tengu warrior (D:9)
  26 dancing weapons
  A vampire mage (D:15)
  2 skysharks
  10 deep elf knights
  7 skeletal warriors
  A spark wasp zombie (D:15)
  A mana viper (Snake:1)
  10 deep elf archers (Elf:1)
  9 ugly things
  16 deep elf zephyrmancers
  A necromancer (D:15)
  3 orc sorcerers
  26 deep elf pyromancers
  3 oklob plants (Lair:5)
  5 cyclopes
  5 manticores
  6 orc knights
  2 salamanders
  19 elephants
  11 black mambas
  A naga mage (Snake:1)
  2 torpor snails
  14 cane toads
  An unseen horror (D:13)
  2 gargoyles
  2 efreet
  A kobold demonologist (D:11)
  4 komodo dragons
  4 rime drakes
  A freezing wraith (D:14)
  4 trolls
  A polar bear (Lair:4)
  13 blink frogs
  2 hornets (D:9)
  Prince Ribbit (D:5)
  2 spriggan zombies (D:15)
  A centaur simulacrum (D:15)
  A vampire (D:12)
  A yak (shapeshifter) (D:13)
  5 wyverns
  4 shadows
  A water elemental (Elf:2)
  2 wraiths
  A basilisk (shapeshifter) (D:15)
  70 yaks
  5 fire elementals
  7 humans (D:14)
  3 basilisks
  3 wargs
  13 vampire mosquitoes
  The ghost of MrCrawl the Firebug, an amateur DrFE (D:3)
  Edmund (D:5)
  8 nagas
  An acid dragon (D:13)
  12 water moccasins
  2 hell hounds (D:14)
  Duvessa (D:6)
  2 sky beasts
  2 black bears
  25 orc warriors
  A tengu (Lair:2)
  20 ogres
  5 wolves (Lair:2)
  A phantom (D:6)
  16 kobold brigands
  14 centaurs
  11 bullfrogs
  2 gnoll sergeants
  A small abomination (Gauntlet)
  2 scorpions (D:5)
  8 wights
  Dowan (D:6)
  10 killer bees
  6 howler monkeys
  4 electric eels
  20 orc priests
  3 hounds
  A sleepcap (D:6)
  A gnoll bouda (D:9)
  5 iguanas
  19 orc wizards
  Ijyb (D:5)
  4 adders
  8 gnolls
  9 river rats (Sewer)
  2 shadow imps (D:11)
  5 white imps
  2 ufetubi (D:4)
  2 worms
  2 dart slugs
  89 orcs
  6 endoplasms
  2 giant cockroaches
  9 goblins
  10 hobgoblins
  2 jackals (D:3)
  2 quokkas
  3 training dummies (Elf:1)
  7 ball pythons
  3 bats
  10 frilled lizards
  33 kobolds
  13 kobold skeletons (D:11)
  5 kobold zombies (D:11)
  17 rats
843 creatures vanquished.

Vanquished Creatures (collateral kills)
  An ogre mage (Orc:2)
  2 two-headed ogres
  An orc warrior (Orc:2)
  4 ogres (Orc:2)
  A wight (D:6)
  4 orcs
13 creatures vanquished.

Vanquished Creatures (others)
  A deep elf annihilator (Elf:1)
  2 two-headed ogres (Orc:2)
  A deep elf zephyrmancer (Elf:1)
  A human (D:14)
  A small abomination (Gauntlet)
  3 dancing weapons
9 creatures vanquished.

Grand Total: 865 creatures vanquished

Notes
Turn   | Place    | Note
-------+----------+-------------------------------------------
     0 | D:1      | mopl the Deep Elf Enchanter began the quest for the Orb.
     0 | D:1      | Reached XP level 1. HP: 10/10 MP: 6/6
   138 | D:2      | Reached XP level 2. HP: 16/16 MP: 8/8
   141 | D:2      | Learned a level 2 spell: Ensorcelled Hibernation
   633 | D:2      | Reached skill level 4 in Stealth
   699 | D:2      | Identified the +0 chain mail of Hirua {Harm Will- Dex-4
                  | SInv}
  1042 | D:2      | Reached XP level 3. HP: 11/20 MP: 0/9
  1129 | D:2      | Learned a level 3 spell: Confusing Touch
  1133 | D:2      | Learned a level 3 spell: Tukima's Dance
  1503 | D:3      | Found a glowing drain.
  1525 | D:3      | Reached skill level 1 in Fighting
  1550 | Sewer    | Entered a sewer
  1741 | Sewer    | Reached XP level 4. HP: 25/25 MP: 4/11
  1785 | Sewer    | Reached skill level 2 in Short Blades
  1854 | Sewer    | Reached skill level 4 in Spellcasting
  1861 | Sewer    | Reached XP level 5. HP: 29/29 MP: 10/13
  1931 | Sewer    | Reached skill level 5 in Hexes
  2056 | D:3      | Learned a level 3 spell: Dazzling Flash
  2097 | D:3      | Found Xaekh's Antique Weapon Boutique.
  2410 | D:3      | Found a runed translucent gate.
  2412 | D:3      | Found a runed translucent gate.
  2413 | D:3      | Found a runed translucent gate.
  2414 | D:3      | Noticed MrCrawl's ghost (amateur DrFE)
  2416 | D:3      | Identified the +9 sling "Ahiff" {flame, rPois Will- rCorr
                  | Dex+2 Stlth+}
  2775 | D:4      | Upgraded the game from 0.31-a0-963-ga325b2283a to
                  | 0.31-a0-965-g8a8ce12e04
  3074 | D:4      | Reached skill level 2 in Fighting
  3074 | D:4      | Reached skill level 5 in Stealth
  3076 | D:4      | Identified the +4 ring mail of the Shoals {Str+2 Slay+3}
  3284 | D:5      | Entered Level 5 of the Dungeon
  3476 | D:5      | Noticed an ogre
  3499 | D:5      | Killed an ogre
  3500 | D:5      | Reached XP level 6. HP: 35/35 MP: 9/15
  3545 | D:5      | Reached skill level 3 in Short Blades
  3552 | D:5      | Reached skill level 1 in Evocations
  3692 | D:5      | Noticed Ijyb
  3704 | D:5      | Killed Ijyb
  4023 | D:5      | Noticed Edmund
  4062 | D:5      | Noticed Prince Ribbit
  4065 | D:5      | Killed Prince Ribbit
  4066 | D:5      | Reached skill level 5 in Spellcasting
  4066 | D:5      | Reached skill level 2 in Evocations
  4066 | D:5      | Reached XP level 7. HP: 40/40 MP: 14/16
  4101 | D:5      | Killed Edmund
  4102 | D:5      | Reached skill level 6 in Stealth
  4102 | D:5      | Reached skill level 6 in Hexes
  4112 | D:5      | Reached skill level 3 in Fighting
  4376 | D:6      | Reached XP level 8. HP: 46/46 MP: 7/18
  4389 | D:6      | Reached skill level 4 in Short Blades
  4433 | D:6      | Reached skill level 6 in Spellcasting
  4433 | D:6      | Reached skill level 3 in Evocations
  4523 | D:6      | Noticed Duvessa
  4955 | D:6      | Found a radiant altar of Vehumet.
  4973 | D:6      | Noticed Dowan
  4986 | D:6      | Killed Dowan
  5000 | D:6      | Reached skill level 7 in Hexes
  5037 | D:6      | Found a staircase to the Ecumenical Temple.
  5055 | Temple   | Entered the Ecumenical Temple
  5080 | D:6      | Killed Duvessa
  5081 | D:6      | Reached skill level 7 in Stealth
  5265 | D:6      | Reached skill level 4 in Evocations
  5358 | D:6      | Found a sparkling altar of Nemelex Xobeh.
  5393 | D:6      | Reached skill level 5 in Short Blades
  5393 | D:6      | Reached skill level 7 in Spellcasting
  5396 | D:6      | Reached skill level 4 in Fighting
  5396 | D:6      | Reached XP level 9. HP: 50/52 MP: 11/21
  5540 | D:6      | Found Xoiv Duj's Weapon Shop.
  5839 | D:7      | Learned a level 2 spell: Blink
  6493 | D:7      | Identified the +1 ring mail "Omasidd" {Str+2 Stlth+}
  6550 | D:7      | Reached skill level 1 in Translocations
  6625 | D:7      | Reached skill level 1 in Throwing
  6625 | D:7      | Reached skill level 8 in Stealth
  6722 | D:8      | Reached skill level 8 in Hexes
  6927 | D:8      | Found a glowing golden altar of the Shining One.
  7310 | D:8      | Reached skill level 2 in Throwing
  7310 | D:8      | Reached skill level 2 in Translocations
  7310 | D:8      | Reached skill level 5 in Evocations
  7656 | D:9      | Learned a level 2 spell: Passwall
  7751 | D:9      | Reached XP level 10. HP: 54/58 MP: 18/23
  7753 | D:9      | Reached skill level 9 in Stealth
  7755 | D:9      | Noticed a two-headed ogre
  7766 | D:9      | Reached skill level 9 in Hexes
  7837 | D:9      | Identified the +9 short sword "Yryc" {antimagic, Fragile
                  | rN++ Str+3 Int+2}
  7838 | D:9      | Noticed a two-headed ogre
  7840 | D:9      | Noticed a gargoyle
  7850 | D:9      | Noticed a boulder beetle
  7874 | D:9      | Reached skill level 8 in Spellcasting
  7912 | D:9      | Noticed Harold
  7921 | D:9      | Killed Harold
  7987 | D:9      | Reached skill level 6 in Short Blades
  7987 | D:9      | Reached skill level 3 in Translocations
  8021 | D:9      | Reached skill level 3 in Throwing
  8068 | D:9      | Killed a two-headed ogre
  8069 | D:9      | Reached skill level 5 in Fighting
  8141 | D:9      | Reached skill level 10 in Stealth
  8162 | D:9      | Reached skill level 10 in Hexes
  8228 | D:9      | Noticed a tengu warrior
  8312 | D:9      | Killed a tengu warrior
  8313 | D:9      | Reached skill level 6 in Evocations
  8439 | D:9      | Killed a two-headed ogre
  8440 | D:9      | Reached XP level 11. HP: 51/64 MP: 13/25
  8497 | D:9      | Killed a boulder beetle
  8498 | D:9      | Reached skill level 1 in Shields
  8498 | D:9      | Reached skill level 4 in Translocations
  8738 | D:9      | Reached skill level 1 in Transmutations
  8738 | D:9      | Reached skill level 1 in Earth Magic
  9173 | D:10     | Entered Level 10 of the Dungeon
  9202 | D:9      | Reached skill level 4 in Throwing
  9492 | D:10     | Found a shadowy altar of Dithmenos.
  9510 | D:10     | Became a worshipper of Dithmenos the Shadowed
  9940 | D:11     | Identified the of Xaus
 10043 | D:11     | Reached skill level 2 in Earth Magic
 10043 | D:11     | Found a staircase to the Lair.
 10050 | D:11     | Reached skill level 2 in Transmutations
 10050 | D:11     | Reached skill level 1 in Invocations
 10222 | D:11     | Found a portal to a secret trove of treasure.
 10262 | D:11     | Reached skill level 11 in Stealth
 10262 | D:11     | Reached skill level 2 in Shields
 10423 | D:11     | Reached skill level 11 in Hexes
 10468 | D:11     | Found Cyahicu's Antique Weapon Emporium.
 10507 | D:11     | Found Hegih's Jewellery Shoppe.
 10543 | D:11     | Reached * piety under Dithmenos
 10699 | D:11     | Reached skill level 7 in Short Blades
 10699 | D:11     | Reached skill level 2 in Invocations
 10719 | D:11     | Reached ** piety under Dithmenos
 10844 | D:11     | Found an ancient bone altar of Kikubaaqudgha.
 10978 | D:11     | Reached skill level 5 in Translocations
 10978 | D:11     | Reached skill level 3 in Earth Magic
 11182 | Lair:1   | Entered Level 1 of the Lair of Beasts
 11199 | Lair:1   | Reached skill level 3 in Transmutations
 11266 | Lair:1   | Reached XP level 12. HP: 69/69 MP: 26/26
 11275 | Lair:1   | Reached skill level 7 in Evocations
 11441 | Lair:1   | Reached skill level 6 in Fighting
 11441 | Lair:1   | Reached skill level 5 in Throwing
 11487 | Lair:1   | Reached skill level 3 in Invocations
 11507 | Lair:1   | Reached *** piety under Dithmenos
 12288 | Lair:2   | Reached skill level 3 in Shields
 12315 | Lair:2   | You fall into a shaft and drop 1 floor!
 12335 | Lair:2   | Found a staircase to the Swamp.
 12337 | Lair:2   | Noticed Sonja
 12341 | Lair:2   | Found a gate leading to a gauntlet.
 12343 | Lair:2   | Sonja changed into Sonja the tengu
 12343 | Lair:2   | Noticed Sonja
 12345 | Lair:2   | Killed Sonja the tengu
 12356 | Gauntlet | Entered a Gauntlet
 12356 | Gauntlet | Found a transporter.
 12356 | Gauntlet | Found a transporter.
 12356 | Gauntlet | Found a transporter.
 12357 | Gauntlet | Found a transporter.
 12359 | Gauntlet | Found a transporter.
 12361 | Gauntlet | Found a transporter.
 12374 | Gauntlet | Found a transporter.
 12375 | Gauntlet | Found a transporter.
 12376 | Gauntlet | Found a transporter.
 12378 | Gauntlet | Found a transporter.
 12380 | Gauntlet | Noticed a death yak
 12380 | Gauntlet | Noticed a death yak
 12381 | Gauntlet | Noticed a death yak
 12382 | Gauntlet | Noticed a death yak
 12383 | Gauntlet | Noticed a death yak
 12386 | Gauntlet | Found a transporter.
 12390 | Gauntlet | Found a transporter.
 12731 | Gauntlet | Identified the +0 robe "Opoha" {rF++ rCorr Slay+2 Archmagi}
 12870 | Gauntlet | Identified the ring of Amorality {Wiz +Blink Int+3}
 12870 | Gauntlet | Noticed a minotaur
 12902 | Gauntlet | Killed a minotaur
 13321 | Lair:2   | Found a staircase to the Snake Pit.
 13323 | Lair:2   | Reached skill level 6 in Translocations
 13441 | Lair:2   | Reached skill level 4 in Invocations
 13522 | Lair:2   | Reached skill level 1 in Conjurations
 13639 | Lair:2   | Reached skill level 12 in Hexes
 13966 | Lair:2   | Reached **** piety under Dithmenos
 14029 | Lair:2   | Reached skill level 12 in Stealth
 14364 | Lair:3   | Reached XP level 13. HP: 76/76 MP: 27/27
 14392 | Lair:3   | Reached skill level 6 in Throwing
 14396 | Lair:3   | Reached skill level 8 in Short Blades
 14410 | Lair:3   | Reached skill level 2 in Conjurations
 14678 | Lair:3   | Reached skill level 8 in Evocations
 14684 | Lair:3   | Reached skill level 4 in Transmutations
 14745 | Lair:3   | Reached skill level 4 in Earth Magic
 14935 | Lair:3   | Reached skill level 4 in Shields
 15274 | Lair:4   | Reached skill level 5 in Invocations
 15889 | Lair:4   | Reached skill level 7 in Fighting
 15889 | Lair:4   | Reached skill level 3 in Conjurations
 16492 | Lair:5   | Entered Level 5 of the Lair of Beasts
 16704 | Lair:5   | Found a viscous altar of Jiyva.
 16727 | Lair:5   | Found a staircase to the Slime Pits.
 16728 | Lair:5   | Reached ***** piety under Dithmenos
 17032 | Lair:5   | Reached skill level 5 in Transmutations
 17368 | Lair:5   | Reached skill level 5 in Earth Magic
 17384 | Lair:5   | Reached XP level 14. HP: 82/82 MP: 25/28
 18240 | Lair:5   | Reached skill level 4 in Conjurations
 18264 | Lair:5   | Reached skill level 9 in Short Blades
 19381 | Lair:4   | Reached skill level 13 in Hexes
 19384 | Lair:4   | Reached skill level 7 in Throwing
 19743 | Lair:5   | Reached skill level 13 in Stealth
 19743 | Lair:5   | Reached skill level 6 in Invocations
 19844 | Lair:5   | Reached skill level 5 in Shields
 19852 | Lair:5   | Identified the +0 robe "Ugag" {rF- Dex+3}
 20164 | D:12     | Found a staircase to the Orcish Mines.
 20172 | D:12     | Reached skill level 9 in Evocations
 20409 | D:12     | Identified the +5 falchion "Gaenwo" {drain, rC++}
 20516 | D:12     | Found Poatox's CLEARANCE SALE!.
 20525 | D:12     | Bought a potion of attraction for 21 gold pieces
 20525 | D:12     | Bought a potion of heal wounds for 35 gold pieces
 20525 | D:12     | Bought a scroll of blinking for 52 gold pieces
 20540 | D:12     | You fall into a shaft and drop 1 floor!
 20884 | Orc:1    | Entered Level 1 of the Orcish Mines
 21333 | Orc:2    | Entered Level 2 of the Orcish Mines
 21398 | Orc:1    | Reached ****** piety under Dithmenos
 21549 | Orc:2    | Found a staircase to the Elven Halls.
 21699 | Orc:2    | Reached skill level 10 in Short Blades
 21976 | Orc:2    | Found Oxzaywipt's Magic Scroll Boutique.
 22091 | Orc:2    | Paralysed by something for 2 turns
 22127 | Orc:2    | Reached skill level 7 in Translocations
 22183 | Orc:2    | Reached skill level 6 in Transmutations
 22511 | Orc:2    | Reached skill level 5 in Conjurations
 22530 | Orc:2    | Reached skill level 6 in Earth Magic
 22723 | Orc:1    | Found a runed translucent door.
 23018 | Orc:1    | Reached XP level 15. HP: 87/88 MP: 15/29
 23160 | Orc:2    | Found Jamyurph's Distillery.
 23161 | Orc:2    | Found Unitola's Assorted Antiques.
 23161 | Orc:2    | Found Jobbae's Weapon Shoppe.
 23168 | Orc:2    | Bought a potion of heal wounds for 180 gold pieces
 23168 | Orc:2    | Bought a scroll of identify for 72 gold pieces
 23168 | Orc:2    | Bought a scroll of fear for 144 gold pieces
 23171 | Orc:2    | Bought a potion of curing for 48 gold pieces
 23171 | Orc:2    | Bought 2 potions of haste for 320 gold pieces
 23171 | Orc:2    | Bought a potion of heal wounds for 80 gold pieces
 23173 | Orc:2    | Bought a scroll of acquirement for 884 gold pieces
 23173 | Orc:2    | Bought a scroll of butterflies for 68 gold pieces
 23178 | Orc:2    | Acquired 650 gold pieces
 23182 | Orc:2    | Bought a scroll of identify for 34 gold pieces
 23182 | Orc:2    | Bought a scroll of enchant weapon for 127 gold pieces
 23338 | D:11     | You paid a toll of 7 potions of haste to enter a treasure
                  | trove
 23339 | Trove    | Identified the "Peisoda" (Sif Muna gifted it to you in a
                  | treasure trove)
 23339 | Trove    | Identified the of Onuamese (Sif Muna gifted it to you in a
                  | treasure trove)
 23339 | Trove    | Identified the "Juzaut" (You found it in a treasure trove)
 23339 | Trove    | Entered a treasure trove
 23364 | Trove    | Identified the staff of Wrongful Imprisonment {rPois SInv
                  | Poison}
 23431 | D:11     | Learned a level 3 spell: Sigil of Binding
 23436 | D:11     | Learned a level 4 spell: Cause Fear
 23463 | D:13     | Found a runed translucent door.
 23714 | D:13     | Reached skill level 11 in Short Blades
 23909 | D:13     | Noticed Snorg
 23916 | D:13     | Killed Snorg
 24456 | D:13     | Noticed morax's ghost (journeyman GrFi)
 24465 | D:13     | Killed morax's ghost
 24660 | D:14     | Noticed Azrael
 24669 | D:14     | Killed Azrael
 24753 | D:14     | Reached skill level 10 in Evocations
 24766 | D:14     | Reached skill level 7 in Invocations
 24791 | D:14     | Identified the +7 flail of Oluushao {heavy, Str+4}
 24824 | D:14     | Reached skill level 8 in Fighting
 24851 | D:14     | Reached skill level 8 in Throwing
 25164 | D:14     | Found a gate to the Vaults.
 25601 | D:15     | Entered Level 15 of the Dungeon
 25677 | D:15     | Reached skill level 12 in Short Blades
 25955 | D:15     | Found Oble Affirr's Distillery.
 26028 | D:15     | Found a staircase to the Depths.
 26046 | D:15     | Reached skill level 6 in Shields
 26151 | D:15     | Found Wogoh's Antique Armour Shop.
 26189 | D:15     | Found Noges's Assorted Antiques.
 26202 | D:15     | Bought a clouded silver ring for 180 gold pieces
 26202 | D:15     | Identified the ring of Zoquomao {Fly rElec Int+3} (You
                  | bought it in a shop on level 15 of the Dungeon)
 26202 | D:15     | Bought a brass wand for 144 gold pieces
 26594 | D:15     | Found Fosaune's Assorted Antiques.
 26602 | D:15     | Bought a potion of enlightenment for 125 gold pieces
 26602 | D:15     | Bought a scroll of teleportation for 75 gold pieces
 26752 | D:15     | Found Moisot's Magic Scroll Boutique.
 27018 | Snake:1  | Entered Level 1 of the Snake Pit
 27132 | Snake:1  | Reached skill level 9 in Spellcasting
 27143 | Snake:1  | Reached skill level 14 in Stealth
 27696 | Snake:1  | Identified the serpent talisman "Uhabrint" {Dex+4}
 27696 | Snake:1  | Noticed Aizul
 27719 | Snake:1  | Found Suityshu's Armour Emporium.
 27721 | Snake:1  | Found Covvoat's Weapon Shoppe.
 27723 | Snake:1  | Found Gemn's Weapon Emporium.
 27860 | Snake:1  | Killed Aizul
 27861 | Snake:1  | Reached skill level 14 in Hexes
 27907 | Snake:1  | Reached skill level 3 in Dodging
 28257 | Snake:2  | Noticed a nagaraja
 29399 | D:3      | Killed MrCrawl's ghost
 29679 | Lair:1   | Found the +3 salamander hide armour {Flames, rFlCloud rF++
                  | rC--}
 29680 | Lair:1   | Identified the ring "Meilluume" {Will+ rCorr Int+2}
 29829 | Orc:2    | Reached XP level 16. HP: 94/94 MP: 28/31
 29836 | Crypt:3  | Identified the "Dirheegg"
 29836 | Crypt:3  | Identified the "Viryom"
 29836 | Crypt:3  | Identified the of Tues
 29836 | Elf:1    | Identified the "Uceaveni"
 29836 | Elf:1    | Entered Level 1 of the Elven Halls
 29993 | Elf:1    | Reached skill level 11 in Evocations
 30472 | Elf:1    | Found an ancient bone altar of Kikubaaqudgha.
 31087 | Elf:1    | Reached skill level 13 in Short Blades
 31218 | Elf:1    | Noticed a deep elf master archer
 31231 | Elf:1    | Killed a deep elf master archer
 31232 | Elf:1    | Reached skill level 8 in Invocations
 31233 | Elf:1    | Reached skill level 4 in Dodging
 32294 | Elf:1    | Found an ancient bone altar of Kikubaaqudgha.
 32694 | Elf:2    | Reached skill level 9 in Throwing
 32703 | Elf:2    | Found a huge runed translucent gate.
 32703 | Elf:2    | Found a huge runed translucent gate.
 32703 | Elf:2    | Found a huge runed translucent gate.
 32703 | Elf:2    | Found a huge runed translucent gate.
 32706 | Elf:2    | Found a huge runed translucent gate.
 32724 | Elf:2    | Reached skill level 10 in Spellcasting
 33478 | Elf:2    | Reached skill level 5 in Dodging
 33497 | Elf:2    | Noticed a deep elf blademaster
 33517 | Elf:2    | Reached skill level 12 in Evocations
 33545 | Elf:2    | Killed a deep elf blademaster
 33939 | Elf:2    | Reached XP level 17. HP: 36/89 MP: 30/33
 34316 | Elf:2    | Slain by a +2 trident of flaming

Illustrated notes

Levels and vault maps discovered:
D:1:      dreamdust_arrival_beginning_and_end, layout_basic
D:2:      layout_loops_cross
D:3:      layout_loops_cross, cheibrodos_sewer_entry_drain, serial_shops, shop,
          biasface_ghost_orc_armoury
D:4:      layout_basic
D:5:      layout_loops_cross, uniq_edmund, uniq_prince_ribbit1, uniq_ijyb
D:6:      layout_loops_ring, nicolae_vehumet_radiance,
          overflow_temple_1_default, minmay_temple_entry_waves, serial_shops,
          nicolae_shop_crystal, serial_bayou, serial_bayou_pond_e,
          serial_bayou_shore_b, serial_bayou_pond_a, serial_bayou_pond_c,
          uniq_duvessa
D:7:      layout_gridville, minmay_misc_feat_ornament, kennysheep_generic_room_9
D:8:      layout_rooms, mainiacjoe_overflow_concentric_impassable
D:9:      wad_guarded_room, layout_irregular_city, grunt_decor_fettered,
          uniq_harold
D:10:     layout_loops_cross, lemuel_doored_altar, st_stairs_11,
          minmay_misc_feat_iff
D:11:     wander_kiku_kobolds, layout_basic, david_lair_generic,
          nicolae_trove_entry_crystal, serial_shops, nicolae_shop_behind_doors,
          nicolae_shop_tiny_real_fake_doors
D:12:     layout_basic, david_orc_5, nicolae_shop_clearance
D:13:     layout_basic, ebering_ghost_reflecting_pool, uniq_snorg
D:14:     layout_long_grid, ximxim_vaults_locker_room,
          minmay_misc_feat_secret_circle, uniq_azrael
D:15:     gammafunk_depths_entry_grave, layout_layer_cave, serial_shops,
          nicolae_shop_just_a_little_nook, nicolae_shop_gibbet_a_chance,
          nicolae_shop_rolled_up, nicolae_shop_real_fake_doors, shop,
          serial_park_tiny_1
Temple:   mainiacjoe_temple_bowtie_tessellation
Lair:1:   statuecave_lemuel, layout_regular_city
Lair:2:   layout_chaotic_city, minmay_swamp_entry_swarm,
          guppyfry_snake_entry_garden, gauntlet_entry_generic, uniq_sonja
Lair:3:   layout_regular_city, lemuel_old_faithful, serial_bayou_shore_b
Lair:4:   cheibrodos_lair_overgrown_chateau, layout_regular_city
Lair:5:   evilmike_catoblepas_cave, layout_cave_pods,
          minmay_slime_entry_oklob_enclosed, serial_bayou, serial_bayou_ford_a,
          serial_bayou_lake_a, serial_bayou_crossing, serial_bayou_pond_d
Snake:1:  layout_misc_corridors, lemuel_fruit_tree, minmay_shop_star, uniq_aizul
Snake:2:  layout_grid_shapes, grunt_megastairs_2
Orc:1:    layout_caves, lightli_church_of_beogh
Orc:2:    st_orc_ogre_mass, layout_caves
Elf:1:    elf_arrival_001, layout_geoelf_grid, minmay_elf_demonology,
          nicolae_elf_archery_training, hangedman_decor_cross_pass,
          grunt_megastairs_5, lemuel_upstairs_altar
Elf:2:    elven_hall_of_blades_hangedman_alternative [nicolae_blade_lattice],
          layout_gridlike

Skill      XL: |  1  2  3  4  5  6  7  8  9 10 11 12 13 14 15 16 |
---------------+-------------------------------------------------+-----
Stealth        | 4 5 6 7 8 10 11 12 13 14 | 14.8
Fighting       | 1 2 3 4 5 6 7 8 |  8.9
Short Blades   | 2 3 5 6 7 8 10 12 13 | 13.7
Spellcasting   | 4 5 7 8 9 10 | 10.3
Hexes          | 5 6 7 8 10 11 12 13 14 | 14.7
Evocations     | 2 4 5 6 7 8 9 10 12 | 12.2
Translocations | 2 3 5 6 7 |  7.0
Throwing       | 2 3 4 5 6 7 8 9 |  9.2
Shields        | 2 3 4 5 6 |  6.9
Transmutations | 3 5 6 |  6.0
Earth Magic    | 3 5 6 |  6.0
Invocations    | 2 4 5 6 7 8 |  8.7
Conjurations   | 1 3 5 |  5.0
Dodging        | 3 5 |  5.4

Action                     |  1- 3 |  4- 6 |  7- 9 | 10-12 | 13-15 | 16-18 || total
---------------------------+-------+-------+-------+-------+-------+-------++-------
  Melee: Dagger            |   106 |   127 |   190 |   449 |   644 |   237 ||  1753
         Punch             |     1 |     1 |     2 |     5 |       |       ||     9
         Short sword       |       |     3 |       |       |       |       ||     3
         Staff             |       |       |       |       |    22 |       ||    22
  Throw: Dart              |       |       |       |     1 |    77 |    11 ||    89
         Throwing net      |       |       |       |       |     1 |     1 ||     2
         Boomerang         |       |       |       |       |     1 |       ||     1
   Cast: Ensorcelled Hiber |    18 |    52 |    69 |   147 |   391 |    18 ||   695
         Confusing Touch   |       |     2 |    16 |    23 |    19 |     1 ||    61
         Tukima's Dance    |       |       |     4 |     5 |     5 |     1 ||    15
         Passwall          |       |       |       |     8 |    23 |    12 ||    43
         Dazzling Flash    |       |       |       |       |    13 |    10 ||    23
         Blink             |       |       |       |       |     8 |     4 ||    12
         Cause Fear        |       |       |       |       |     2 |       ||     2
         Sigil of Binding  |       |       |       |       |     1 |       ||     1
Ability: Evoke Invisibilit |       |       |       |     3 |     6 |    12 ||    21
  Evoke: Wand              |       |       |       |     4 |     3 |     7 ||    14
         Phantom mirror    |       |       |       |     1 |       |       ||     1
    Use: Scroll            |       |     9 |     4 |     7 |     9 |     5 ||    34
         Potion            |       |       |     1 |     3 |     3 |     3 ||    10
   Stab: Sleeping          |    19 |    46 |    57 |   118 |   269 |    59 ||   568
         Confused          |       |     1 |     9 |    19 |    13 |       ||    42
         Invisible         |       |       |       |     6 |     7 |    22 ||    35
         Distracted        |       |       |       |       |     3 |     2 ||     5
         Held in net/web   |       |       |       |       |     1 |     1 ||     2
 Armour: Robe              |    51 |    87 |    98 |   209 |   351 |   109 ||   905
  Dodge: Dodged            |    67 |   122 |    92 |   252 |   276 |    49 ||   858
  Block: Kite shield       |       |       |       |    15 |   403 |    46 ||   464

Table legend: (Time is in decaauts)
 A = Elapsed time spent in this place.
 B = Non-inter-level travel time spent in this place.
 C = Inter-level travel time spent in this place.
 D = Time resting spent in this place.
 E = Time spent auto-exploring this place.
 F = Levels seen in this place.
 G = Mean time per level.
                   A        B        C        D        E       F      G
               +--------+--------+--------+--------+--------+-----+--------+
         Total |  34123 |  31814 |   2309 |   8144 |  14032 |  30 | 1137.4 |
       Dungeon |  15577 |  14399 |   1178 |   2824 |   7896 |  15 | 1038.5 |
        Temple |    139 |    139 |      0 |    134 |      0 |   1 |  139.0 |
          Lair |   8622 |   7932 |    690 |   1815 |   3493 |   5 | 1724.4 |
     Snake Pit |   1899 |   1720 |    179 |    934 |    359 |   2 |  949.5 |
  Orcish Mines |   2156 |   2045 |    111 |    515 |    721 |   2 | 1078.0 |
   Elven Halls |   4434 |   4284 |    150 |   1554 |   1275 |   2 | 2217.0 |
         Trove |     81 |     81 |      0 |      0 |     38 |   1 |   81.0 |
         Sewer |    549 |    549 |      0 |    109 |    250 |   1 |  549.0 |
      Gauntlet |    661 |    661 |      0 |    258 |      0 |   1 |  661.0 |
               +--------+--------+--------+--------+--------+-----+--------+

Top non-repeatable levels by time:
  Lair:5: 3160 daAuts
   Elf:1: 2844 daAuts
 Snake:1: 1736 daAuts
     D:9: 1721 daAuts
   Elf:2: 1590 daAuts
  Lair:1: 1561 daAuts
   Orc:2: 1561 daAuts
  Lair:4: 1533 daAuts
  Lair:2: 1440 daAuts
    D:11: 1427 daAuts
    D:15: 1293 daAuts
    D:13: 1149 daAuts
    D:14: 1145 daAuts
     D:6: 1138 daAuts
     D:7: 1016 daAuts
